 Dungeon Crawl Stone Soup version 0.30-a0-476-g330ca2eb8e (webtiles) character file.

Game seed: 260556167682898371

192 Sweetruy1997 the Changer (level 5, -6/38 HPs)
             Began as a Gnoll Wanderer on Dec 21, 2022.
             Splashed by a jelly's acid (12 damage)
             ... on level 6 of the Dungeon.
             The game lasted 00:10:42 (3171 turns).

Sweetruy1997 the Changer (Gnoll Wanderer)           Turns: 3171, Time: 00:10:43

Health: -6/38      AC: -3    Str:  9    XL:     5   Next: 71%
Magic:  6/9        EV: 12    Int: 16    God:
Gold:   100        SH:  0    Dex: 11    Spells: 1/10 levels left

rFire   . . .      SeeInvis .    a - +0 short sword
rCold   . . .      Faith    .    (no shield)
rNeg    . . .      Spirit   .    r - +0 leather armour
rPois   .          Reflect  .    (no helmet)
rElec   .          Harm     .    (no cloak)
rCorr   .          Rampage  .    (no gloves)
Will    .....                    k - +0 pair of boots
Stlth   ++........               (no amulet)
HPRegen 0.26/turn                t - +4 ring of slaying
MPRegen 0.11/turn                (no ring)

@: corroded, very slightly contaminated
A: fangs 1, strong nose, distributed training
a: no special abilities


You were on level 6 of the Dungeon.
You visited 1 branch of the dungeon, and saw 4 of its levels.

You collected 100 gold pieces.

Inventory:

Hand Weapons
 a - a +0 short sword (weapon)
Missiles
 g - 2 boomerangs
Armour
 k - a +0 pair of boots (worn)
 r - a +0 leather armour (worn)
Jewellery
 t - a +4 ring of slaying (left hand)
Scrolls
 c - 2 scrolls of fog
 d - 3 scrolls of magic mapping
 f - a scroll of summoning
 h - a scroll of enchant armour {unknown}
 i - a scroll of fear
 j - 2 scrolls of blinking
 l - 2 scrolls of teleportation {unknown}
 u - a scroll of poison {unknown}
Potions
 b - a potion of might
 e - 2 potions of degeneration {unknown}
 m - 2 potions of lignification {unknown}
 n - a potion of cancellation {unknown}
 o - a potion of attraction {unknown}
 p - a potion of mutation {unknown}
 q - 2 potions of berserk rage {unknown}
 s - a potion of ambrosia {unknown}


   Skills:
 + Level 1.6 Fighting
 + Level 3.1 Short Blades
 + Level 1.6 Long Blades
 + Level 1.6 Axes
 + Level 1.6 Maces & Flails
 + Level 1.6 Polearms
 + Level 1.6 Staves
 + Level 1.6 Ranged Weapons
 + Level 1.6 Throwing
 + Level 4.8 Armour
 + Level 3.1 Dodging
 + Level 2.9 Stealth
 + Level 1.6 Shields
 + Level 1.6 Unarmed Combat
 + Level 3.2 Spellcasting
 + Level 1.3 Conjurations
 + Level 1.3 Hexes
 + Level 1.3 Summonings
 + Level 1.3 Necromancy
 + Level 1.3 Translocations
 + Level 5.6 Transmutations
 + Level 1.3 Fire Magic
 + Level 1.3 Ice Magic
 + Level 1.3 Air Magic
 + Level 1.3 Earth Magic
 + Level 1.3 Poison Magic
 + Level 1.9 Invocations
 + Level 3.1 Evocations


You had one spell level left.
You knew the following spells:

 Your Spells              Type           Power      Damage    Failure   Level
a - Beastly Appendage     Tmut           40%        N/A       2%          1
b - Sting                 Tmut/Pois      52%        1d5       6%          1
c - Apportation           Tloc           12%        N/A       14%         1
d - Necrotise             Necr           24%        1d5       14%         1
e - Summon Small Mammal   Summ           24%        N/A       14%         1
f - Ice Form              Ice/Tmut       13%        N/A       50%         4

Your spell library contained the following spells:

 Spells                   Type           Power      Damage    Failure   Level


Dungeon Overview and Level Annotations

Branches:
Dungeon (3/15)

Altars:

Shops:
D:1 (   D:3 (


Innate Abilities, Weirdness & Mutations

You have very sharp teeth.
Your uncanny sense of smell can sniff out nearby items.
Your experience applies equally to all skills.


Message History

You throw a boomerang. The jelly quivers.
The boomerang hits the jelly.
The jelly is lightly wounded.
Throw: 2 boomerangs
Press: ? - help, Shift-Dir - straight line, f/p - jelly
Aim: a jelly (lightly wounded, 90% to hit)
You throw a boomerang. The boomerang hits the jelly.
The jelly is moderately wounded.
Throw: 2 boomerangs
Press: ? - help, Shift-Dir - straight line, f/p - jelly
Aim: a jelly (moderately wounded, 90% to hit)
You throw a boomerang. The boomerang barely misses the jelly.
The jelly resists with significant effort.
The jelly resists with significant effort.
You miscast Necrotise.
You are very lightly contaminated with residual magic.
Nothing appears to happen.
The jelly hits you. The acid corrodes you!
You are splashed with acid.
You hit the jelly.
Your hands burn!
The jelly is moderately wounded.
The jelly closely misses you.
You hit the jelly.
Your hands burn!
You bite the jelly, but do no damage.
The jelly is heavily wounded.
The jelly completely misses you.
You hit the jelly.
Your hands burn!
Your punch misses the jelly.
The jelly is severely wounded.
The jelly completely misses you.
You barely miss the jelly.
The jelly is severely wounded.
The jelly hits you. The acid corrodes you!
You are splashed with acid.
You hit the jelly but do no damage.
Your hands burn!
* * * LOW HITPOINT WARNING * * *
The jelly is severely wounded.
You barely miss the jelly.
The jelly is severely wounded.
The jelly hits you.
* * * LOW HITPOINT WARNING * * *
You are splashed with acid!
You die...

....... ....... .......
....... #########.....
........#...
###############.#J#
................@.#
##....#########....#
...............>.......
#####.#########.##.####
......# #.# .# #######
#.# .# #.# # #.# ∆


You could see a jelly.

Vanquished Creatures
  Jessica (D:2)
  Natasha (thrice) (D:2)
  Robin (D:2)
  A gnoll (D:1)
  3 dart slugs (D:1)
  An orc (D:3)
  6 ball pythons
  5 endoplasms
  3 giant cockroaches
  12 goblins
  5 hobgoblins
  6 jackals (D:1)
  3 quokkas
  4 bats
  2 frilled lizards
  2 kobolds (D:1)
  4 rats
62 creatures vanquished.

Notes
Turn   | Place    | Note
-------+----------+-------------------------------------------
     0 | D:1      | Sweetruy1997 the Gnoll Wanderer began the quest for the
                  | Orb.
     0 | D:1      | Sweetruy1997 set off with the following items: a +0 short
                  | sword, a +0 scale mail, a scroll of fog; and the following
                  | spells available to memorise: Beastly Appendage, Sting, Ice
                  | Form.
     0 | D:1      | Reached XP level 1. HP: 13/13 MP: 4/4
     2 | D:1      | Learned a level 1 spell: Beastly Appendage
     4 | D:1      | Learned a level 1 spell: Sting
   312 | D:1      | Reached XP level 2. HP: 19/19 MP: 0/5
   473 | D:1      | Reached XP level 3. HP: 21/25 MP: 0/7
   491 | D:1      | Upgraded the game from 0.30-a0-475-g03497ec522 to
                  | 0.30-a0-476-g330ca2eb8e
   709 | D:1      | Reached skill level 1 in Invocations
  1134 | D:1      | Found Umesaokk's Weapon Boutique.
  1148 | D:1      | Reached skill level 1 in Fighting
  1148 | D:1      | Reached skill level 1 in Long Blades
  1148 | D:1      | Reached skill level 1 in Axes
  1148 | D:1      | Reached skill level 1 in Maces & Flails
  1148 | D:1      | Reached skill level 1 in Polearms
  1148 | D:1      | Reached skill level 1 in Staves
  1148 | D:1      | Reached skill level 1 in Ranged Weapons
  1148 | D:1      | Reached skill level 1 in Throwing
  1148 | D:1      | Reached skill level 1 in Shields
  1148 | D:1      | Reached skill level 1 in Unarmed Combat
  1436 | D:2      | Noticed Natasha
  1445 | D:2      | Killed Natasha
  1446 | D:2      | Reached XP level 4. HP: 3/32 MP: 4/8
  1583 | D:2      | Noticed Natasha
  1588 | D:2      | Killed Natasha
  1589 | D:2      | Reached skill level 1 in Conjurations
  1589 | D:2      | Reached skill level 1 in Hexes
  1589 | D:2      | Reached skill level 1 in Summonings
  1589 | D:2      | Reached skill level 1 in Necromancy
  1589 | D:2      | Reached skill level 1 in Translocations
  1589 | D:2      | Reached skill level 1 in Fire Magic
  1589 | D:2      | Reached skill level 1 in Ice Magic
  1589 | D:2      | Reached skill level 1 in Air Magic
  1589 | D:2      | Reached skill level 1 in Earth Magic
  1589 | D:2      | Reached skill level 1 in Poison Magic
  1689 | D:2      | Noticed Natasha
  1700 | D:2      | Killed Natasha
  1701 | D:2      | Reached XP level 5. HP: 25/37 MP: 5/9
  1713 | D:2      | Learned a level 1 spell: Apportation
  1715 | D:2      | Learned a level 1 spell: Necrotise
  1717 | D:2      | Learned a level 1 spell: Summon Small Mammal
  1758 | D:2      | Found a faded altar of an unknown god.
  2053 | D:2      | Noticed Robin
  2161 | D:1      | Learned a level 4 spell: Ice Form
  2268 | D:2      | Killed Robin
  2399 | D:2      | Noticed Jessica
  2412 | D:2      | Killed Jessica
  2821 | D:3      | Found Azexi's Weapon Shop.
  3128 | D:3      | You fall into a shaft and drop 3 floors!
  3171 | D:6      | Splashed by a jelly's acid

Illustrated notes

Levels and vault maps discovered:
D:1:      lightli_molten_gateway, layout_basic, serial_shops,
          nicolae_shop_bloodbath_and_beyond
D:2:      layout_loops_ring, basic_ecumenical_altar, kennysheep_donut,
          minivault_4, uniq_jessica, uniq_robin, uniq_natasha
D:3:      layout_loops_ring, serial_shops, nicolae_diamond_shop
D:6:      layout_basic, wad_floor_pattern_untrapped

Skill      XL: |  1  2  3  4  5 |
---------------+----------------+-----
Invocations    | 1 |  1.9
Fighting       | 1 |  1.6
Long Blades    | 1 |  1.6
Axes           | 1 |  1.6
Maces & Flails | 1 |  1.6
Polearms       | 1 |  1.6
Staves         | 1 |  1.6
Ranged Weapons | 1 |  1.6
Throwing       | 1 |  1.6
Shields        | 1 |  1.6
Unarmed Combat | 1 |  1.6
Spellcasting   | 3 |  3.2
Conjurations   | 1 |  1.3
Hexes          | 1 |  1.3
Summonings     | 1 |  1.3
Necromancy     | 1 |  1.3
Translocations | 1 |  1.3
Fire Magic     | 1 |  1.3
Ice Magic      | 1 |  1.3
Air Magic      | 1 |  1.3
Earth Magic    | 1 |  1.3
Poison Magic   | 1 |  1.3
Short Blades   | 3 |  3.1
Dodging        | 3 |  3.1
Evocations     | 3 |  3.1
Armour         | |  4.8
Stealth        | |  2.9
Transmutations | |  5.6

Action                   |  1- 3 |  4- 6 || total
-------------------------+-------+-------++-------
Melee: Short sword       |    59 |    66 ||   125
       Kick              |     6 |     5 ||    11
       Headbutt          |     2 |     3 ||     5
       Bite              |     5 |     6 ||    11
       Punch             |     1 |     2 ||     3
       Unarmed           |       |     7 ||     7
Throw: Boomerang         |    18 |     8 ||    26
 Cast: Sting             |    29 |     9 ||    38
       Beastly Appendage |     7 |     1 ||     8
       Necrotise         |       |    27 ||    27
       Summon Small Mamm |       |     1 ||     1
       Ice Form          |       |     1 ||     1
  Use: Potion            |     1 |       ||     1
       Scroll            |       |     4 ||     4
 Stab: Sleeping          |       |     1 ||     1
Armor: Scale mail        |    30 |    32 ||    62
       Leather armour    |       |    10 ||    10
       Skin              |       |     1 ||     1
Dodge: Dodged            |    35 |    53 ||    88

Table legend: (Time is in decaauts)
 A = Elapsed time spent in this place.
 B = Non-inter-level travel time spent in this place.
 C = Inter-level travel time spent in this place.
 D = Time resting spent in this place.
 E = Time spent auto-exploring this place.
 F = Levels seen in this place.
 G = Mean time per level.
                   A        B        C        D        E       F      G
               +--------+--------+--------+--------+--------+-----+--------+
         Total |   3174 |   3112 |     62 |    252 |   2333 |   4 |  793.5 |
       Dungeon |   3174 |   3112 |     62 |    252 |   2333 |   4 |  793.5 |
               +--------+--------+--------+--------+--------+-----+--------+

Top non-repeatable levels by time:
     D:1: 1607 daAuts
     D:2: 1182 daAuts
     D:3: 342 daAuts
     D:6: 42 daAuts
